 Dungeon Crawl Stone Soup version 0.24.0-37-gcf1ca852f1 (webtiles) character file.

Game seed: 9672514474769083208, levelgen mode: deterministic

8030 Cryoshakespeare the Grappler (level 11, -3/118 HPs)
             Began as an Ogre Transmuter on Nov 24, 2019.
             Was an Initiate of Wu Jian.
             Slain by a red ugly thing (23 damage)
             ... on level 9 of the Dungeon.
             The game lasted 00:25:39 (14040 turns).

Cryoshakespeare the Grappler (Ogre Transmuter)     Turns: 14040, Time: 00:25:40

Health: -3/118     AC:  4    Str: 19    XL:     11   Next: 24%
Magic:  12/15      EV: 10    Int: 14    God:    Wu Jian [......]
Gold:   597        SH:  0    Dex:  9    Spells: 5/16 levels left

rFire    . . .     SeeInvis +     - Unarmed
rCold    . . .     Gourm    .   (no shield)
rNeg     . . .     Faith    .   b - +0 robe
rPois    .         Spirit   .   (helmet restricted)
rElec    .         Reflect  .   o - +0 cloak
rCorr    .         Harm     .   (gloves unavailable)
MR       +....                  (boots unavailable)
Stlth    +.........             (no amulet)
HPRegen  0.29/turn              n - ring of see invisible
MPRegen  0.14/turn              (no ring)

@: no status effects
A: large, unfitting armour, tough skin 1
a: Renounce Religion


You were on level 9 of the Dungeon.
You worshipped Wu Jian.
Wu Jian was noncommittal.
You were not hungry.

You visited 2 branches of the dungeon, and saw 10 of its levels.
You also visited: Sewer.

You collected 597 gold pieces.

Inventory:

Missiles
 a - 157 arrows
 l - a throwing net (quivered)
Armour
 b - a +0 robe (worn)
 o - a +0 cloak (worn)
 y - +0 acid dragon scales
Jewellery
 n - a ring of see invisible (left hand)
 D - an uncursed amulet of rage {unknown}
 G - an uncursed ring of stealth {unknown}
Wands
 k - a wand of flame (19)
 z - a wand of iceblast (12)
 A - a wand of polymorph (9)
 C - a wand of disintegration (7)
 H - a wand of enslavement (8)
Scrolls
 c - 3 scrolls of enchant armour
 e - 10 scrolls of teleportation
 f - a scroll of enchant weapon
 g - 4 scrolls of remove curse
 i - 3 scrolls of blinking
 j - 3 scrolls of identify
 p - 2 scrolls of immolation {unknown}
 v - a scroll of fog {unknown}
 E - a scroll of fear {unknown}
 J - a scroll of vulnerability {unknown}
Potions
 h - a potion of berserk rage
 m - 3 potions of flight {unknown}
 q - a potion of brilliance
 r - 2 potions of heal wounds
 s - 2 potions of curing
 t - a potion of resistance {unknown}
 u - a potion of ambrosia {unknown}
 w - a potion of mutation {unknown}
 F - a potion of lignification {unknown}
 I - a potion of degeneration {unknown}
Miscellaneous
 x - a lightning rod (4/4)
Comestibles
 d - 12 rations
 B - 3 chunks of flesh


   Skills:
 + Level 10.3 Fighting
 - Level 1.7 Dodging
 * Level 10.5 Unarmed Combat
 + Level 3.3 Spellcasting
 + Level 1.5 Necromancy
 - Level 8.1 Transmutations
 - Level 3.0 Ice Magic
 - Level 3.0 Poison Magic


You had 5 spell levels left.
You knew the following spells:

 Your Spells              Type           Power        Failure   Level  Hunger
a - Beastly Appendage     Tmut           ####..       1%          1    #......
b - Spider Form           Tmut/Pois      ###.......   6%          3    ###....
c - Ice Form              Ice/Tmut       ###.....     22%         4    #####..
d - Regeneration          Chrm/Necr      #.........   41%         3    ###....

Your spell library contained the following spells:

 Spells                   Type           Power        Failure   Level  Hunger
 Sticks to Snakes         Tmut           ####....     1%          2    ##.....
 Sting                    Conj/Pois      #...         12%         1    #......
 Poisonous Vapours        Pois/Air       #.....       17%         2    ##.....
 Blade Hands              Tmut           ####......   21%         5    ######.
 Infusion                 Chrm           #...         22%         1    #......
 Shroud of Golubria       Chrm/Tloc      #.....       32%         2    ##.....
 Song of Slaying          Chrm           #.......     32%         2    ##.....
 Mephitic Cloud           Conj/Pois/Air  #.......     38%         3    ###....
 Olgreb's Toxic Radiance  Pois           ##......     52%         4    #####..
 Conjure Flame            Conj/Fire      #.......     54%         3    ###....
 Spectral Weapon          Hex/Chrm       #.......     54%         3    ###....
 Venom Bolt               Conj/Pois      #.........   97%         5    ######.
 Freezing Cloud           Conj/Ice/Air   #.........   100%        6    #######
 Ring of Flames           Chrm/Fire      #.........   100%        7    #######


Dungeon Overview and Level Annotations

Branches:
Dungeon (9/15)             Temple (1/1) D:7           Sewer (visited)
   Lair: D:8-11         Orc: D:9-12

Altars:
Ashenzari
Cheibriados
Dithmenos
Elyvilon
Fedhas
Gozag
Hepliaklqana
Kikubaaqudgha
Makhleb
Nemelex Xobeh
Okawaru
Qazlal
Ru
Sif Muna
Trog
Uskayaw
Vehumet
Wu Jian
Xom
Yredelemnul
Zin
The Shining One

Shops:
D:8 :?

Annotations:
D:7 exclusion: oklob plant


Innate Abilities, Weirdness & Mutations

You are too large for most types of armour.
You have tough skin. (AC +1)


Message History

The red ugly thing is severely wounded.
The red ugly thing closely misses you.
You barely miss the red ugly thing.
The red ugly thing is severely wounded.
The red ugly thing trunk-slaps you.
You are engulfed in flames!!
The fire burns you terribly! The red ugly thing trunk-slaps you.
You are engulfed in flames!!
The fire burns you terribly!
* * * LOW HITPOINT WARNING * * *
You warm up again.
Your +0 cloak unmelds from your body.
Your +0 robe unmelds from your body.
The red ugly thing trunk-slaps you.
* * * LOW HITPOINT WARNING * * *
You are engulfed in flames!
* * * LOW HITPOINT WARNING * * *
Unknown command.
You feel much better. The red ugly thing trunk-slaps you.
* * * LOW HITPOINT WARNING * * *
You are engulfed in flames!!
You die...

#?# # ............# #.#
#.##.######.#.#
#.#####.#......##.#.#####
#........................
#.# #.............#.#####
#.#.###.#..##............
#†#........#####..#.###..
#.#####.#.........#.#<#.#
#>.....u@...####.##.#.#.#
#######.###.## #....#.#.#
#.# #..# ####....[.
###.####.## #.......#
#.......).# #.#...#.#
#....##.#.###.#######
#....##.#<.##........
#....##.##.##########
#....##.##..# ######


You could see a red ugly thing.

Vanquished Creatures
  3 death yaks
  2 guardian serpents
  A troll (D:9)
  Grinder (D:5)
  A hornet (D:8)
  2 hippogriffs (D:7)
  An acid dragon (D:6)
  2 sky beasts
  3 phantoms
  A hornet zombie (D:9)
  2 orc warriors
  4 ice beasts
  4 centaurs
  6 ogres
  2 big kobolds
  4 bullfrogs
  A wyvern skeleton (D:6)
  4 scorpions
  5 killer bees (D:8)
  7 wights
  3 howler monkeys (D:8)
  A bullfrog zombie (D:9)
  5 crimson imps
  7 hounds
  A jelly (D:6)
  6 orc wizards
  4 orc priests
  2 bullfrog skeletons
  2 centaur skeletons
  Terence (D:2)
  2 iguanas
  5 worker ants
  A hound zombie (D:5)
  A hound skeleton (D:5)
  2 worker ant zombies
  10 adders
  2 gnolls (D:4)
  A howler monkey skeleton (D:9)
  2 river rats (Sewer)
  A shadow imp (D:7)
  2 adder zombies (D:5)
  4 adder skeletons
  A worm (D:2)
  A dart slug (D:1)
  7 leopard geckos
  31 orcs
  6 bats
  7 giant cockroaches
  4 goblins
  12 hobgoblins
  14 jackals
  3 quokkas
  3 frilled lizards
  12 kobolds
  A leopard gecko skeleton (D:5)
  A quokka skeleton (D:9)
  2 quokka zombies
  7 rats
233 creatures vanquished.

Vanquished Creatures (others)
  2 orc wizards (D:8)
2 creatures vanquished.

Grand Total: 235 creatures vanquished

Notes
Turn   | Place    | Note
-------+----------+-------------------------------------------
     0 | D:1      | Cryoshakespeare the Ogre Transmuter began the quest for the
                  | Orb.
     0 | D:1      | Reached XP level 1. HP: 19/19 MP: 3/3
   290 | D:1      | Reached XP level 2. HP: 24/27 MP: 5/5
  1011 | D:2      | Noticed Terence
  1028 | D:2      | Noticed an ogre
  1284 | D:2      | Reached XP level 3. HP: 18/33 MP: 6/6
  1315 | D:2      | Learned a level 3 spell: Spider Form
  1551 | D:2      | Killed an ogre
  1551 | D:2      | Reached skill level 1 in Poison Magic
  1551 | D:2      | Reached XP level 4. HP: 41/41 MP: 1/7
  1669 | D:2      | Reached XP level 5. HP: 48/48 MP: 4/8
  1692 | D:2      | Killed Terence
  1839 | D:2      | Found a snail-covered altar of Cheibriados.
  2788 | D:3      | Reached XP level 6. HP: 43/55 MP: 3/9
  3034 | D:3      | Found a blossoming altar of Fedhas.
  3227 | D:3      | Found a faded altar of an unknown god.
  3459 | D:4      | Reached skill level 5 in Transmutations
  3755 | D:4      | Reached XP level 7. HP: 15/65 MP: 6/10
  4150 | D:4      | Found a radiant altar of Vehumet.
  4413 | D:5      | Entered Level 5 of the Dungeon
  4599 | D:5      | HP: 3/67 [centaur/arrow (10)]
  5096 | D:5      | Learned a level 4 spell: Ice Form
  5243 | D:5      | Found an opulent altar of Gozag.
  5330 | D:5      | Noticed Grinder
  5347 | D:5      | Killed Grinder
  5347 | D:5      | Reached skill level 1 in Ice Magic
  5347 | D:5      | Reached XP level 8. HP: 41/78 MP: 8/11
  5522 | D:5      | Reached skill level 5 in Unarmed Combat
  6072 | D:5      | Reached skill level 5 in Fighting
  6935 | D:6      | Found a glowing drain.
  6939 | Sewer    | Entered a sewer
  7394 | Sewer    | Found a glowing silver altar of Zin.
  7460 | D:6      | Reached XP level 9. HP: 59/89 MP: 10/12
  8620 | D:6      | Found a burning altar of Makhleb.
  8622 | D:6      | Noticed a green death
  8628 | D:6      | Noticed an orange demon
  9459 | D:7      | Found a stormy altar of Qazlal.
  9468 | D:7      | Noticed an oklob plant
  9912 | D:7      | You fall into a shaft and drop 2 floors!
 10144 | D:9      | Reached XP level 10. HP: 100/104 MP: 8/13
 10155 | D:9      | Noticed a guardian serpent
 10162 | D:8      | Killed a guardian serpent
 10419 | D:8      | Found a basalt altar of Yredelemnul.
 10546 | D:8      | Found Fonures's Magic Scroll Shoppe.
 10689 | D:8      | Found a stormy altar of Qazlal.
 10867 | D:8      | Found a hide-covered altar of Uskayaw.
 10877 | D:8      | Found a glowing silver altar of Zin.
 11087 | D:8      | HP: 5/127 [ogre/+0 giant club (13)]
 11403 | D:8      | Found Puynemamp's Book Shop.
 11830 | D:7      | Learned a level 3 spell: Regeneration
 11842 | D:7      | Found a staircase to the Ecumenical Temple.
 11874 | Temple   | Entered the Ecumenical Temple
 11936 | Temple   | Became a worshipper of the Wu Jian Council
 12178 | D:7      | Found a shattered altar of Ashenzari.
 12585 | D:9      | Noticed a guardian serpent
 12591 | D:9      | Killed a guardian serpent
 13126 | D:9      | Noticed a death yak
 13126 | D:9      | Noticed a death yak
 13147 | D:9      | Killed a death yak
 13147 | D:9      | Reached skill level 10 in Unarmed Combat
 13147 | D:9      | Reached XP level 11. HP: 117/117 MP: 9/14
 13160 | D:9      | Noticed a death yak
 13405 | D:8      | Killed a death yak
 13405 | D:8      | Reached skill level 10 in Fighting
 13405 | D:8      | Reached skill level 1 in Necromancy
 13503 | D:9      | Killed a death yak
 14021 | D:9      | Noticed a red ugly thing
 14039 | D:9      | HP: 3/118 [red ugly thing (12)]
 14040 | D:9      | Slain by a red ugly thing

Levels and vault maps discovered:
D:1:      dpeg_arrival_simpleton_c, layout_loops_ring
D:2:      layout_basic, overflow_temple_1_default, uniq_terence
D:3:      layout_basic, fedhas_altar_fruit_tree, chequers_ecumenical_altar_lobes
D:4:      layout_basic, overflow_temple_1_default, first_ration
D:5:      layout_gridville, grunt_gozag_breadcrumbs, uniq_grinder
D:6:      layout_gridville, makhleb_altar_promises_db, gup_sewer_entry_bowl,
          minmay_checkerbox
D:7:      layout_basic, overflow_temple_1_default,
          minmay_temple_entry_metal_lava, lemuel_oklob_altar
D:8:      layout_loops_corners, old_standard_altar,
          nicolae_overflow_hidden_temple, zin_scriptorium, serial_shops, shop,
          kennysheep_mini_moat
D:9:      nrook_guardian_serpent_snake_passage, layout_basic, dpeg_lair_monsters
Temple:   dshaligram_water_room_temple

Skill      XL: |  1  2  3  4  5  6  7  8  9 10 11 |
---------------+----------------------------------+-----
Transmutations | 2 3 4 5 6 8 |  8.1
Poison Magic   | 1 2 3 |  3.0
Unarmed Combat | 3 4 6 8 10 | 10.5
Fighting       | 2 4 5 8 9 10 | 10.3
Ice Magic      | 1 3 |  3.0
Necromancy     | 1 |  1.5
Spellcasting   | 3 |  3.3
Dodging        | |  1.7

Action                   |  1- 3 |  4- 6 |  7- 9 | 10-12 || total
-------------------------+-------+-------+-------+-------++-------
Melee: Unarmed           |    97 |   168 |   437 |   198 ||   900
       Headbutt          |     4 |       |       |       ||     4
       Kick              |     2 |       |       |       ||     2
       Punch             |     2 |       |     6 |       ||     8
 Cast: Beastly Appendage |     7 |       |       |       ||     7
       Spider Form       |     2 |    14 |    38 |     1 ||    55
       Ice Form          |       |       |     3 |    20 ||    23
Invok: Lunge             |       |       |       |     7 ||     7
 Abil: End Transformatio |       |     4 |    20 |    10 ||    34
  Use: Scroll            |       |       |    12 |       ||    12
       Potion            |       |       |       |     4 ||     4
  Eat: Chunk             |     2 |     9 |    21 |    13 ||    45
       Ration            |       |       |     2 |     1 ||     3
Armor: Robe              |    33 |    29 |    39 |     6 ||   107
       Skin              |     1 |     7 |    25 |    18 ||    51
       Acid dragon scale |       |       |     2 |       ||     2
Dodge: Dodged            |    63 |   125 |   386 |    67 ||   641
